 Dungeon Crawl Stone Soup version 0.18-a0-1788-g92de1ac (webtiles) character file.

8638 Ijustatesigmund the Grappler (level 11, 0/113 HPs)
             Began as a Troll Hunter on Apr 19, 2016.
             Was a High Priest of Okawaru.
             Slain by a troll (13 damage)
             ... on level 10 of the Dungeon.
             The game lasted 00:20:52 (7607 turns).

Ijustatesigmund the Grappler (Troll Hunter)         Turns: 7607, Time: 00:20:53

Health: 0/113      AC:  7    Str: 22    XL:     11   Next: 12%
Magic:  12/12      EV: 12    Int:  7    God:    Okawaru [*****.]
Gold:   666        SH:  0    Dex: 13    Spells: 0 memorised, 10 levels left

rFire  . . .     SeeInvis .       - Unarmed
rCold  + . .     Gourm    +     b - +2 robe
rNeg   . . .     Faith    .     (no shield)
rPois  .         Spirit   .     (helmet restricted)
rElec  .         Dismiss  .     (no cloak)
rCorr  .         Reflect  .     (gloves unavailable)
SustAt .         Harm     .     (boots unavailable)
MR     .....                    (no amulet)
Stlth  +.........               F - +2 ring of slaying
                                k - ring of protection from cold

@: not resistant to hostile enchantments, very unstealthy
A: unfitting armour, claws 3, fast metabolism 3, gourmand, low mp 1,
regeneration 2, shaggy fur 1, tough skin 2
a: Heroism, Finesse, Renounce Religion


You were on level 10 of the Dungeon.
You worshipped Okawaru.
Okawaru was extremely pleased with you.
You were completely stuffed.

You visited 2 branches of the dungeon, and saw 11 of its levels.

You collected 666 gold pieces.

Inventory:

Hand Weapons
 w - a +0 giant club
Missiles
 c - 6 large rocks (quivered)
 d - 2 throwing nets
Armour
 b - a +2 robe (worn)
Jewellery
 k - a ring of protection from cold (left claw)
 C - an uncursed ring of ice
 F - a +2 ring of slaying (right claw)
Wands
 m - a wand of slowing (21/48)
 p - a wand of lightning (13/15)
 B - a wand of enslavement (5/24)
 D - a wand of disintegration (8/24)
Scrolls
 a - 2 scrolls of magic mapping
 e - 3 scrolls of enchant armour
 y - 2 scrolls of enchant weapon
 G - a scroll of recharging
 H - 4 scrolls of remove curse
 M - 3 scrolls of identify
Potions
 h - a potion of might
 i - 2 potions of brilliance
 n - a potion of flight
 o - a potion of resistance
 s - 2 potions of cure mutation
 u - 2 potions of invisibility
 v - 6 potions of curing
 A - a potion of haste
 E - a potion of berserk rage
 J - a potion of lignification {unknown}
 K - 2 potions of heal wounds {unknown}
Books
 q - a book of Alchemy

   Spells                             Type                      Level
   a - Sublimation of Blood           Necromancy                   2
   b - Ignite Poison                  Fire/Transmutation/Poison    3
   c - Petrify                        Transmutation/Earth          4
   d - Alistair's Intoxication        Transmutation/Poison         5
   e - Irradiate                      Conjuration/Transmutation    5
 x - a book of Enchantments

   Spells                             Type                      Level
   a - Cause Fear                     Hexes                        4
   b - Yara's Violent Unravelling     Hexes/Transmutation          5
   c - Silence                        Hexes/Air                    5
   d - Deflect Missiles               Charms/Air                   6
   e - Haste                          Charms                       6
   f - Discord                        Hexes                        8
 z - a book of Battle

   Spells                             Type                      Level
   a - Infusion                       Charms                       1
   b - Shroud of Golubria             Charms/Translocation         2
   c - Song of Slaying                Charms                       2
   d - Spectral Weapon                Hexes/Charms                 3
   e - Regeneration                   Charms/Necromancy            3
 I - a book of Fire

   Spells                             Type                      Level
   a - Ignite Poison                  Fire/Transmutation/Poison    3
   b - Fireball                       Conjuration/Fire             5
   c - Bolt of Fire                   Conjuration/Fire             6
   d - Delayed Fireball               Conjuration/Fire             7
   e - Ring of Flames                 Charms/Fire                  7
Comestibles
 f - 12 bread rations
 g - 7 meat rations
 j - 6 fruits
 l - a royal jelly
 r - 4 slices of pizza
 t - 7 beef jerkies
 L - 4 chunks of flesh


   Skills:
 + Level 8.7 Fighting
 + Level 5.3 Throwing
 - Level 5.1 Dodging
 - Level 0.4 Stealth
 * Level 10.5 Unarmed Combat
 - Level 5.1 Invocations


You had 10 spell levels left.
You didn't know any spells.

Dungeon Overview and Level Annotations

Branches:
Dungeon (10/15)            Temple (1/1) D:5            Lair (0/8) D:10
    Orc: D:9-12

Altars:
Ashenzari
Cheibriados
Dithmenos
Elyvilon
Fedhas
Gozag
Kikubaaqudgha
Makhleb
Nemelex Xobeh
Okawaru
Pakellas
Qazlal
Ru
Sif Muna
Trog
Vehumet
Xom
Yredelemnul
Zin
The Shining One


Innate Abilities, Weirdness & Mutations

You are too large for most types of armour.
You have claws for hands.
Your metabolism is lightning-fast.
You like to eat raw meat.
You heal very quickly.
You are covered in fur (AC +1).
You have very tough skin (AC +2).
Your magical capacity is low (-10% MP).


Message History

Press: ? - help, Shift-Dir - straight line, f - troll
Aim: a troll (heavily wounded)
You throw a large rock.
The large rock closely misses the troll.
The troll bites you but does no damage. The troll barely misses you.
The troll claws you.
* * * LOW HITPOINT WARNING * * *
The troll barely misses you. The troll claws you.
* * * LOW HITPOINT WARNING * * *
The troll claws you!
* * * LOW HITPOINT WARNING * * *
Throwing (i - inventory. (,) - cycle):
c - 7 large rocks (quivered)
Press: ? - help, Shift-Dir - straight line, f/p - troll
Aim: a troll (heavily wounded)
You throw a large rock. The large rock hits the troll.
The troll is heavily wounded.
The troll bites you.
* * * LOW HITPOINT WARNING * * *
The troll claws you!
You die...

#..(......#
#/..<..$..#
#.........#
#.......(.#
#.........#
#.........#
#..T......#
#..@......#
#.........#
#.........#
#..........
.#######..........
..................
...[......#####.##
.#######..# .#
#..# #


You could see a troll.

Vanquished Creatures
  Erolcha (D:8)
  A cyclops (D:9)
  Joseph (D:9)
  Psyche (D:8)
  2 trolls
  A two-headed ogre (D:9)
  A basilisk (D:10)
  5 humans (D:8)
  A hippogriff (D:7)
  Eustachio (D:5)
  2 hungry ghosts
  Edmund (D:5)
  Menkaure (D:5)
  2 water moccasins
  3 ice beasts
  A sky beast (D:8)
  2 phantoms
  3 orc warriors
  3 black bears
  5 ogres
  2 crocodiles
  2 centaurs
  5 giant frogs
  A gnoll sergeant (D:8)
  4 scorpions
  A water moccasin skeleton (D:8)
  8 killer bees
  8 wights
  3 howler monkeys (D:5)
  2 crimson imps (D:8)
  A centaur skeleton (D:7)
  A jelly (D:5)
  5 orc wizards
  4 orc priests
  A gnoll shaman (D:9)
  2 hounds
  2 giant frog skeletons
  4 iguanas
  9 worker ants
  2 hound skeletons (D:8)
  A worker ant zombie (D:7)
  11 gnolls
  12 adders
  A shadow imp (D:8)
  An ooze (D:2)
  An adder skeleton (D:9)
  2 adder zombies
  3 worms
  2 dart slugs (D:2)
  3 giant geckos
  46 orcs
  9 bats
  10 giant cockroaches
  12 goblins
  8 hobgoblins
  11 jackals
  3 quokkas
  2 ball pythons
  A giant gecko zombie (D:6)
  3 giant newts
  5 kobolds
  8 rats
260 creatures vanquished.

Notes
Turn   | Place    | Note
--------------------------------------------------------------
     0 | D:1      | Ijustatesigmund the Troll Hunter began the quest for the Orb.
     0 | D:1      | Reached XP level 1. HP: 19/19 MP: 0/0
   152 | D:1      | Reached skill level 1 in Unarmed Combat
   152 | D:1      | Reached XP level 2. HP: 20/28 MP: 1/1
   836 | D:2      | Reached XP level 3. HP: 31/35 MP: 2/2
   863 | D:2      | Reached skill level 2 in Unarmed Combat
  1071 | D:2      | Reached XP level 4. HP: 37/44 MP: 3/3
  1472 | D:3      | Reached skill level 3 in Unarmed Combat
  1495 | D:3      | Noticed a hungry ghost
  1504 | D:3      | Killed a hungry ghost
  1504 | D:3      | Reached skill level 4 in Unarmed Combat
  1504 | D:3      | Reached XP level 5. HP: 49/54 MP: 4/4
  1695 | D:3      | Found an ancient bone altar of Kikubaaqudgha.
  1695 | D:3      | Found a bloodstained altar of Trog.
  1695 | D:3      | Found a radiant altar of Vehumet.
  1695 | D:3      | Found a stormy altar of Qazlal.
  1702 | D:3      | Found a sparkling altar of Nemelex Xobeh.
  1704 | D:3      | Found a basalt altar of Yredelemnul.
  1911 | D:4      | Reached XP level 6. HP: 59/62 MP: 5/5
  2046 | D:4      | Found a glowing silver altar of Zin.
  2508 | D:5      | Entered Level 5 of the Dungeon
  2623 | D:5      | Noticed an ice beast
  2634 | D:5      | Killed an ice beast
  2634 | D:5      | Reached skill level 5 in Unarmed Combat
  2634 | D:5      | Reached XP level 7. HP: 43/71 MP: 6/6
  2698 | D:5      | Reached skill level 5 in Fighting
  2715 | D:5      | Noticed Edmund
  2726 | D:5      | Killed Edmund
  2726 | D:5      | Reached skill level 6 in Unarmed Combat
  2856 | D:5      | Gained mutation: Your magical capacity is low (-10% MP). [potion of mutation]
  2856 | D:5      | Gained mutation: Your magical capacity is very low (-20% MP). [potion of mutation]
  2856 | D:5      | Gained mutation: Your body sometimes deteriorates upon taking damage. [potion of mutation]
  2857 | D:5      | Lost mutation: Your body sometimes deteriorates upon taking damage. [potion of cure mutation]
  2857 | D:5      | Lost mutation: Your magical capacity is very low (-20% MP). [potion of cure mutation]
  2926 | D:5      | Noticed Eustachio
  2936 | D:5      | Killed Eustachio
  2936 | D:5      | Reached XP level 8. HP: 70/83 MP: 6/6
  3053 | D:5      | Noticed Menkaure
  3068 | D:5      | Killed Menkaure
  3068 | D:5      | Reached skill level 7 in Unarmed Combat
  3215 | D:5      | Found a snail-covered altar of Cheibriados.
  3432 | D:5      | Found a staircase to the Ecumenical Temple.
  3438 | Temple   | Entered the Ecumenical Temple
  3447 | Temple   | Became a worshipper of Warmaster Okawaru
  3906 | D:6      | Found an oddly glowing altar of Pakellas.
  4029 | D:6      | Reached * piety under Okawaru
  4235 | D:7      | Reached skill level 8 in Unarmed Combat
  4424 | D:7      | Reached XP level 9. HP: 81/93 MP: 7/7
  4853 | D:7      | Reached ** piety under Okawaru
  4853 | D:7      | Reached skill level 9 in Unarmed Combat
  5218 | D:8      | Reached skill level 1 in Invocations
  5249 | D:8      | Noticed Psyche
  5268 | D:8      | Killed Psyche
  5353 | D:8      | Noticed Erolcha
  5363 | D:8      | Killed Erolcha
  5363 | D:8      | Reached *** piety under Okawaru
  5363 | D:8      | Reached XP level 10. HP: 43/104 MP: 9/10
  5549 | D:8      | Reached skill level 5 in Dodging
  5549 | D:8      | Reached skill level 5 in Invocations
  5805 | D:8      | Reached **** piety under Okawaru
  6210 | D:9      | Noticed Joseph
  6223 | D:9      | Killed Joseph
  6657 | D:9      | Reached skill level 10 in Unarmed Combat
  6869 | D:9      | Reached skill level 5 in Throwing
  6891 | D:9      | Noticed a cyclops
  6895 | D:9      | Killed a cyclops
  6895 | D:9      | Reached ***** piety under Okawaru
  7053 | D:10     | Entered Level 10 of the Dungeon
  7060 | D:10     | Found a staircase to the Lair.
  7087 | D:10     | Reached XP level 11. HP: 54/113 MP: 12/12
  7607 | D:10     | Slain by a troll

Vault maps used:
D:1:      lightli_arrival_chessboard, roderic_roman_lattice,
          minmay_misc_feat_more_columns, minmay_distorted
D:3:      minmay_overflow_temple_hex
D:4:      zin_treasury, first_bread
D:5:      cheibrodos_worm_habitat, minmay_temple_entry_fiery, uniq_eustachio,
          uniq_menkaure, uniq_edmund
D:6:      grunt_pakellas_basics
D:7:      grunt_ogre_cave, sigmund_army
D:8:      minmay_crystal_water, minmay_ruffians, uniq_erolcha, uniq_psyche
D:9:      lightli_minifort, uniq_joseph
D:10:     dpeg_lair_monsters
Temple:   circular_temple_12

Skill      XL: |  1  2  3  4  5  6  7  8  9 10 |
---------------+-------------------------------+-----
Fighting       | 2 3 4 5 7 8 |  8.7
Unarmed Combat | 1 2 4 5 6 8 9 10 | 10.5
Invocations    | 4 5 |  5.1
Dodging        | 4 5 |  5.1
Throwing       | 5 |  5.3
Stealth        | |  0.4

Action                   |  1- 3 |  4- 6 |  7- 9 | 10-12 || total
-------------------------+-------+-------+-------+-------++-------
Melee: Unarmed           |   111 |   159 |   292 |   235 ||   797
       Punch             |     1 |     3 |     9 |    11 ||    24
Throw: Large rock        |       |     1 |    12 |    12 ||    25
       Throwing net      |       |       |       |     1 ||     1
Invok: Heroism           |       |       |     2 |     2 ||     4
  Use: Scroll            |     8 |     7 |     4 |     5 ||    24
       Potion            |       |       |     3 |     1 ||     4
 Stab: Sleeping          |     1 |       |     1 |     2 ||     4
       Invisible         |       |       |       |     1 ||     1
  Eat: Chunk             |    11 |    25 |    34 |    21 ||    91
Armor: Robe              |    48 |    59 |    83 |    67 ||   257
Dodge: Dodged            |    62 |    90 |   178 |   173 ||   503
